 Dungeon Crawl Stone Soup version 0.30-a0-862-g1aabd4f9c5 (webtiles) character file.

Game seed: 7700461363647132469

11547 Ge0ff the Slicer (level 11, -2/100 HPs)
             Began as a Naga Fighter on Mar 8, 2023.
             Was a Follower of Uskayaw.
             Splashed by a brown ugly thing's acid (9 damage)
             ... on level 11 of the Dungeon on Mar 9, 2023.
             The game lasted 00:23:44 (13304 turns).

Ge0ff the Slicer (Naga Fighter)                    Turns: 13304, Time: 00:23:44

Health: -2/100     AC: 14    Str: 19    XL:     11   Next: 79%
Magic:  0/26       EV:  8    Int:  8    God:    Uskayaw [*.....]
Gold:   695        SH:  5    Dex: 15    Spells: 10/10 levels left

rFire   . . .      SeeInvis +    a - +5 dagger (venom)
rCold   + . .      Faith    .    c - +0 buckler
rNeg    + . .      Spirit   +    D - +2 scale mail {rC+}
rPois   +          Reflect  .    Q - +2 helmet {SInv}
rElec   .          Rampage  .    (no cloak)
rCorr   .                        O - +0 pair of gloves
Will    +....                    (no barding)
Stlth   ++                       t - amulet of guardian spirit
HPRegen 0.36/turn                U - ring of magical power {=R}
MPRegen 0.20/turn                P - ring of positive energy

@: studying Ice Magic, very slow
A: AC +3, large, see invisible, deformed body, poison resistance, slowness 2,
spit poison 1, naga tail 1
a: Spit Poison, Renounce Religion, Stomp


You were on level 11 of the Dungeon.
You worshipped Uskayaw.
Uskayaw was aware of your devotion.
You visited 2 branches of the dungeon, and saw 12 of its levels.

You collected 721 gold pieces.
You spent 26 gold pieces at shops.

Inventory:

Hand Weapons
 a - a +5 dagger of venom (weapon)
 b - a +0 rapier
 r - a +4 dagger of venom
 w - a +1 dagger of speed
 z - a +0 dagger of distortion
 T - a +3 falchion of freezing
 Z - a +5 short sword
Missiles
 v - a curare-tipped dart {=F}
 G - 3 boomerangs
 Y - 8 poisoned darts
Armour
 c - a +0 buckler (worn)
 u - a +2 robe of willpower
 y - a +0 troll leather armour
 D - a +2 scale mail of cold resistance (worn)
 O - a +0 pair of gloves (worn)
 Q - a +2 helmet of see invisible (worn)
 W - a +2 kite shield
Jewellery
 t - an amulet of guardian spirit (around neck)
 x - a ring of resist corrosion
 I - a +6 ring of strength
 J - a ring of protection from fire
 N - an amulet of reflection
 P - a ring of positive energy (right hand)
 U - a ring of magical power (left hand) {=R}
Wands
 d - a wand of digging (6)
 k - a wand of iceblast (2)
Scrolls
 V - 3 scrolls of vulnerability
Potions
 o - 3 potions of ambrosia
 A - 3 potions of attraction
 B - a potion of mutation {unknown}
 C - a potion of berserk rage {unknown}
 E - a potion of brilliance {unknown}
 F - a potion of cancellation {unknown}
 H - 2 potions of haste {!q}
 K - 3 potions of magic {!q}
 L - a potion of lignification {unknown}
 M - 5 potions of might
 R - a potion of invisibility {unknown}
 X - 2 potions of flight


   Skills:
 - Level 7.0 Fighting
 + Level 10.8 Short Blades
 + Level 5.8 Throwing
 - Level 4.0 Armour
 - Level 2.0 Dodging
 - Level 5.0 Stealth
 - Level 4.0 Shields
 + Level 8.1 Invocations
 - Level 7.0 Evocations


You had 10 spell levels left.
You didn't know any spells.
Your spell library contained the following spells:

 Spells                   Type           Power      Damage    Failure   Level
 Ensorcelled Hibernation  Hex/Ice        0%         N/A       93%         2
 Passwall                 Tmut/Erth      0%         N/A       93%         2
 Scorch                   Fire           0%         2d5       93%         2
 Call Canine Familiar     Summ           0%         N/A       99%         3
 Portal Projectile        Hex/Tloc       0%         N/A       99%         3
 Swiftness                Air            0%         N/A       99%         3
 Flame Wave               Conj/Fire      0%         2d4       100%        4
 Leda's Liquefaction      Hex/Erth       0%         N/A       100%        4
 Summon Cactus Giant      Summ           0%         N/A       100%        6


Dungeon Overview and Level Annotations

Branches:
Dungeon (11/15) Zot: 26817  Temple (1/1) D:6 Zot: 5942    Lair (0/5) D:8
    Orc (0/2) D:9

Altars:
Ashenzari
Cheibriados
Dithmenos
Elyvilon
Fedhas
Gozag
Hepliaklqana
Kikubaaqudgha
Makhleb
Nemelex Xobeh
Okawaru
Qazlal
Ru
Sif Muna
Trog
Uskayaw
Vehumet
Wu Jian
Xom
Yredelemnul
Zin
The Shining One

Shops:
D:2 [   D:3 ?


Innate Abilities, Weirdness & Mutations

Your serpentine skin is tough. (AC +3)
You have supernaturally acute eyesight. (SInv)
Armour fits poorly on your strangely shaped body.
Your system is resistant to poisons. (rPois)
You cover ground very slowly.
You can spit poison.
You have a snake-like lower body.


Message History

You closely miss the brown ugly thing.
The brown ugly thing is severely wounded.
The brown ugly thing tail-slaps you.
You are splashed with acid!
You barely miss the brown ugly thing.
The brown ugly thing is severely wounded.
You barely miss the brown ugly thing.
The brown ugly thing is severely wounded.
The brown ugly thing closely misses you.
You barely miss the brown ugly thing.
The brown ugly thing is severely wounded.
You hit the brown ugly thing.
The brown ugly thing looks as sick as possible!
The brown ugly thing is severely wounded.
The brown ugly thing tail-slaps you!
You are splashed with acid!
* * * LOW HITPOINT WARNING * * *
You hit the brown ugly thing but do no damage.
The brown ugly thing looks as sick as possible!
The brown ugly thing is severely wounded.
You hit the brown ugly thing.
The brown ugly thing looks as sick as possible!
The brown ugly thing is severely wounded.
The brown ugly thing tail-slaps you.
* * * LOW HITPOINT WARNING * * *
You are splashed with acid!
* * * LOW HITPOINT WARNING * * *
Use which ability? (? or * to list)
Aiming: Line Pass
Press: ? - help, Dir - move target, p - brown ugly thing The brown ugly thing appears confused.
You can no longer pass through a line of other dancers.
You hit the brown ugly thing but do no damage.
The brown ugly thing is almost dead.
You block the brown ugly thing's attack.
You hit the brown ugly thing but do no damage.
The brown ugly thing looks as sick as possible!
The brown ugly thing is almost dead.
You are no longer corroded.
You hit the brown ugly thing.
The brown ugly thing looks as sick as possible!
The brown ugly thing is almost dead.
The brown ugly thing seems less confused.
The brown ugly thing tail-slaps you but does no damage.
You hit the brown ugly thing.
The brown ugly thing looks as sick as possible!
The brown ugly thing is almost dead.
The brown ugly thing attacks as you move away!
The brown ugly thing tail-slaps you!
* * * LOW HITPOINT WARNING * * *
You are splashed with acid!
You die...

................# #.
#..........###.# #.
#.####.###.# #.#
####.##.####.###.###.###
......)<......).........
........##...###########
....>..###...#
#..(....##...##
......(@u.....#
#.......##..#.#
##.......#..#.#
##.........#.#
............#.#
##.#######....# ...
#..### ## #..# #..#


You could see a brown ugly thing (extremely poisoned).

Vanquished Creatures
  A boulder beetle (D:6)
  2 two-headed ogres
  Nergalle (D:10)
  Pikel (D:9)
  A gargoyle (D:10)
  An unseen horror (D:10)
  2 trolls
  A hornet (D:7)
  A wyvern (D:5)
  23 yaks
  2 steam dragons
  A vampire mosquito (D:10)
  3 wargs (D:8)
  2 water moccasins
  2 sky beasts
  2 orc warriors
  An ice beast (D:8)
  3 ogres
  A centaur (D:7)
  A lemure (D:9)
  4 phantoms
  3 bullfrogs (D:8)
  4 scorpions
  4 gnoll sergeants
  8 wights
  2 howler monkeys (D:10)
  4 hounds
  7 orc priests
  A sleepcap (D:7)
  2 iguanas
  10 orc wizards
  Robin (D:2)
  13 gnolls
  6 adders
  2 ufetubi (D:7)
  3 worms
  3 dart slugs
  33 orcs
  3 ball pythons (D:1)
  5 endoplasms
  7 giant cockroaches
  16 goblins
  25 hobgoblins
  4 jackals
  4 quokkas
  4 bats
  5 frilled lizards
  6 kobolds
  2 rats
243 creatures vanquished.

Vanquished Creatures (others)
  5 fungi (D:2)
  3 plants (D:2)
8 creatures vanquished.

Grand Total: 251 creatures vanquished

Notes
Turn   | Place    | Note
-------+----------+-------------------------------------------
     0 | D:1      | Ge0ff the Naga Fighter began the quest for the Orb.
     0 | D:1      | Reached XP level 1. HP: 21/21 MP: 1/1
    88 | D:1      | You fall into a shaft and drop 1 floor!
   141 | D:2      | Found a faded altar of an unknown god.
   160 | D:2      | Prayed at the altar of an unknown god.
   160 | D:2      | Became a worshipper of Vehumet
   160 | D:2      | Reached * piety under Vehumet
   160 | D:2      | Offered knowledge of Kiss of Death by Vehumet.
   171 | D:2      | Reached XP level 2. HP: 27/28 MP: 2/2
   300 | D:2      | Reached skill level 3 in Short Blades
   428 | D:2      | Noticed Robin
   445 | D:2      | Killed Robin
   446 | D:2      | Reached XP level 3. HP: 31/34 MP: 3/3
   483 | D:2      | Reached skill level 4 in Short Blades
   581 | D:1      | Fell from the grace of Vehumet
   585 | D:1      | Reached XP level 4. HP: 42/42 MP: 4/4
  1369 | D:2      | Found Ipsa's Armour Boutique.
  1921 | D:3      | Found a sacrificial altar of Ru.
  1989 | D:3      | Found an ancient bone altar of Kikubaaqudgha.
  2064 | D:3      | Found Lun Juoc's Magic Scroll Emporium.
  2072 | D:3      | Bought a scroll of identify for 26 gold pieces
  2131 | D:3      | Reached skill level 5 in Short Blades
  2131 | D:3      | Reached XP level 5. HP: 46/49 MP: 5/5
  2618 | D:3      | Noticed a water moccasin
  2618 | D:3      | Noticed an ogre
  2696 | D:3      | Killed an ogre
  2697 | D:3      | Reached skill level 1 in Evocations
  2697 | D:3      | Reached XP level 6. HP: 56/56 MP: 6/6
  2832 | D:3      | Killed a water moccasin
  2833 | D:3      | Reached skill level 6 in Short Blades
  3234 | D:3      | Reached XP level 7. HP: 39/62 MP: 7/7
  3587 | D:4      | Found a glowing silver altar of Zin.
  3590 | D:4      | Found a snail-covered altar of Cheibriados.
  3878 | D:4      | Found a snail-covered altar of Cheibriados.
  3975 | D:4      | Found a glowing silver altar of Zin.
  4078 | D:5      | Entered Level 5 of the Dungeon
  4192 | D:5      | Reached skill level 1 in Stealth
  4196 | D:5      | Noticed a wyvern
  4205 | D:5      | Killed a wyvern
  4206 | D:5      | Reached skill level 7 in Short Blades
  4206 | D:5      | Reached skill level 1 in Dodging
  4206 | D:5      | Reached XP level 8. HP: 66/69 MP: 8/8
  5127 | D:6      | Found a staircase to the Ecumenical Temple.
  5243 | Temple   | Entered the Ecumenical Temple
  5243 | Temple   | Found a transporter.
  5243 | Temple   | Found a transporter.
  5245 | Temple   | Found a transporter.
  5245 | Temple   | Found a transporter.
  5264 | Temple   | Became a worshipper of Uskayaw the Reveller
  5301 | D:6      | Reached * piety under Uskayaw
  5312 | D:6      | Reached ** piety under Uskayaw
  5317 | D:6      | Reached skill level 1 in Throwing
  5641 | D:6      | Reached skill level 1 in Invocations
  5700 | D:6      | Noticed a boulder beetle
  5719 | D:6      | Killed a boulder beetle
  5720 | D:6      | Reached skill level 5 in Fighting
  5720 | D:6      | Reached skill level 5 in Evocations
  5720 | D:6      | Reached XP level 9. HP: 52/81 MP: 11/11
  5819 | D:6      | Reached skill level 8 in Short Blades
  5873 | D:6      | Reached skill level 5 in Invocations
  5878 | D:6      | Reached *** piety under Uskayaw
  6585 | D:7      | Reached skill level 9 in Short Blades
  6734 | D:7      | Noticed a hornet
  6747 | D:7      | Killed a hornet
  6876 | D:7      | Reached **** piety under Uskayaw
  7531 | D:7      | Reached XP level 10. HP: 88/88 MP: 13/13
  8158 | D:8      | Reached ***** piety under Uskayaw
  8159 | D:8      | HP: 3/88 [wight/+3 falchion of freezing (2)]
  8694 | D:8      | Was forgiven by Vehumet
  8975 | D:8      | Found a staircase to the Lair.
  9543 | D:8      | Reached skill level 5 in Stealth
  9668 | D:8      | Found a glowing golden altar of the Shining One.
  9727 | D:8      | Found an ornate altar of the Wu Jian Council.
  9728 | D:8      | Found a shadowy altar of Dithmenos.
  9728 | D:8      | Found a bloodstained altar of Trog.
  9729 | D:8      | Found a broken altar of Ashenzari.
  9771 | D:8      | Found a glowing golden altar of the Shining One.
  9831 | D:8      | Found a staircase to the Lair.
 10691 | D:9      | Found a staircase to the Orcish Mines.
 10814 | D:9      | Noticed Pikel
 10834 | D:9      | Killed Pikel
 10835 | D:9      | Reached XP level 11. HP: 87/99 MP: 15/15
 10980 | D:10     | Entered Level 10 of the Dungeon
 11210 | D:10     | Noticed Nergalle
 11236 | D:10     | Killed Nergalle
 11237 | D:10     | Reached skill level 10 in Short Blades
 11433 | D:10     | Found a basalt altar of Yredelemnul.
 12139 | D:10     | Reached skill level 5 in Throwing
 12426 | D:10     | Noticed a two-headed ogre
 12448 | D:10     | Killed a two-headed ogre
 12628 | D:10     | HP: 5/100 [gnoll sergeant/+2 heavy spear (3)]
 12995 | D:10     | Found an iron altar of Okawaru.
 13155 | D:11     | Noticed a two-headed ogre
 13168 | D:11     | Killed a two-headed ogre
 13265 | D:11     | Noticed a brown ugly thing
 13304 | D:11     | Splashed by a brown ugly thing's acid

Illustrated notes

Levels and vault maps discovered:
D:1:      minmay_arrival_cross, layout_basic
D:2:      layout_basic, serial_rivers, chequers_serial_rivers_large_a,
          chequers_serial_rivers_micro_d, chequers_serial_rivers_small_a,
          chequers_serial_rivers_small_b, chequers_serial_rivers_small_a,
          serial_shops, nicolae_shop_statue_plus,
          shapermc_ecumenical_altar_ellora, minivault_4, uniq_robin
D:3:      layout_basic, general_overflow_altar, kiku_gazebo_garden_becter,
          serial_shops, shop, grunt_decor_fettered, minmay_divided_ellipse
D:4:      layout_rooms, cheibrodos_worm_habitat, lemuel_tele_altar
D:5:      layout_basic
D:6:      layout_basic, minmay_temple_entry_grid, minmay_misc_feat_square,
          minmay_manual_mail
D:7:      layout_basic
D:8:      layout_basic, chequers_temple_overflow_statue_of_worship,
          nicolae_tso_carved_into_rock, erik_lair_orcish_takeover
D:9:      layout_stronghold, orc_0_dummy, uniq_pikel
D:10:     layout_cave_pods, okawaru_altar_gauntlet_db, kennysheep_mini,
          minmay_quadrilaterals, uniq_nergalle
D:11:     layout_loops_ring
Temple:   hellmonk_temple_divided_pantheon

Skill      XL: |  1  2  3  4  5  6  7  8  9 10 11 |
---------------+----------------------------------+-----
Short Blades   | 3 4 5 6 7 9 10 | 10.8
Evocations     | 1 3 4 5 6 7 |  7.0
Stealth        | 1 3 4 5 |  5.0
Dodging        | 1 2 |  2.0
Shields        | 3 4 |  4.0
Armour         | 3 4 |  4.0
Throwing       | 2 4 5 |  5.8
Fighting       | 5 6 7 |  7.0
Invocations    | 3 5 6 8 |  8.1

Action                     |  1- 3 |  4- 6 |  7- 9 | 10-12 || total
---------------------------+-------+-------+-------+-------++-------
  Melee: Rapier            |    61 |       |    31 |    18 ||   110
         Dagger            |    62 |   185 |   333 |   558 ||  1138
  Throw: Dart              |       |       |       |     2 ||     2
 Invoke: Renounce Religion |     1 |       |       |       ||     1
         Line Pass         |       |       |     2 |     4 ||     6
Ability: Spit Poison       |     4 |       |     1 |     4 ||     9
  Evoke: Wand              |       |     3 |     6 |     9 ||    18
    Use: Scroll            |     2 |     5 |     6 |    10 ||    23
         Potion            |       |       |     2 |     6 ||     8
   Stab: Confused          |       |       |     3 |       ||     3
         Paralysed         |       |       |     2 |    14 ||    16
         Sleeping          |       |       |       |     1 ||     1
 Armour: Scale mail        |    37 |    39 |    88 |   137 ||   301
  Dodge: Dodged            |    23 |    37 |    72 |   104 ||   236
  Block: Buckler           |    56 |    67 |   106 |   121 ||   350
         Reflection        |       |     4 |     1 |     2 ||     7

Table legend: (Time is in decaauts)
 A = Elapsed time spent in this place.
 B = Non-inter-level travel time spent in this place.
 C = Inter-level travel time spent in this place.
 D = Time resting spent in this place.
 E = Time spent auto-exploring this place.
 F = Levels seen in this place.
 G = Mean time per level.
                   A        B        C        D        E       F      G
               +--------+--------+--------+--------+--------+-----+--------+
         Total |  15792 |  14834 |    958 |    811 |  11658 |  12 | 1316.0 |
       Dungeon |  15735 |  14790 |    945 |    811 |  11651 |  11 | 1430.5 |
        Temple |     57 |     44 |     13 |      0 |      7 |   1 |   57.0 |
               +--------+--------+--------+--------+--------+-----+--------+

Top non-repeatable levels by time:
    D:10: 2379 daAuts
     D:8: 2346 daAuts
     D:3: 1937 daAuts
     D:6: 1809 daAuts
     D:7: 1580 daAuts
     D:2: 1270 daAuts
     D:1: 1195 daAuts
     D:5: 1141 daAuts
     D:9: 1048 daAuts
     D:4: 843 daAuts
    D:11: 182 daAuts
  Temple: 57 daAuts
